 Dungeon Crawl Stone Soup version 0.20.1-1-g8b1a95d (console) character file.

1228 hilaritas the Cleaver (level 8, 0/58 HPs)
             Began as a Formicid Fighter on Aug 21, 2017.
             Was a Follower of Uskayaw.
             Slain by a two-headed ogre
             ... wielding a +0 giant club
              (1 damage)
             ... on level 5 of the Dungeon.
             The game lasted 00:08:10 (4748 turns).

hilaritas the Cleaver (Formicid Fighter)            Turns: 4748, Time: 00:08:10

Health: 0/58       AC: 11    Str: 24    XL:     8   Next: 76%
Magic:  0/8        EV:  7    Int: 12    God:    Uskayaw [*.....]
Gold:   189        SH: 11    Dex: 10    Spells: 7/7 levels left

rFire    + . .     SeeInvis +   j - +1 war axe
rCold    . . .     Gourm    .   c - +1 shield
rNeg     + . .     Faith    .   o - +1 chain mail {rF+}
rPois    .         Spirit   +   (helmet unavailable)
rElec    .         Reflect  .   (no cloak)
rCorr    .         Harm     .   q - +0 pair of gloves
MR       .....                  (no boots)
Stlth    ..........             b - amulet of guardian spirit
Regen    0.2/turn               (no ring)
MPRegen  0.2/turn               k - ring of positive energy

@: brilliant
A: permanent stasis, dig shafts and tunnels, four strong arms, antennae 3
a: Dig, Shaft Self, Stomp, Renounce Religion


You were on level 5 of the Dungeon.
You worshipped Uskayaw.
Uskayaw was noncommittal.
You were hungry.

You visited 2 branches of the dungeon, and saw 6 of its levels.

You collected 189 gold pieces.

Inventory:

Hand Weapons
 a - a +0 war axe
 e - a +0 hand axe of flaming
 j - a +1 war axe (weapon)
Armour
 c - a +1 shield (worn)
 o - a +1 chain mail of fire resistance (worn)
 q - a +0 pair of gloves (worn)
Jewellery
 b - an amulet of guardian spirit (around neck)
 d - an uncursed ring of resist corrosion
 k - a ring of positive energy (right hand)
Scrolls
 i - 2 scrolls of remove curse
 n - a scroll of identify
 t - 2 scrolls of magic mapping
Potions
 l - a potion of agility {unknown}
 v - a potion of brilliance
 z - a potion of resistance {unknown}
Comestibles
 f - 3 bread rations
 h - 3 fruits
 m - 3 chunks of flesh
 s - a meat ration


   Skills:
 - Level 3.2 Fighting
 * Level 9.3 Axes
 - Level 3.2 Armour
 + Level 6.0 Shields


You had 7 spell levels left.
You didn't know any spells.

Dungeon Overview and Level Annotations

Branches:
Dungeon (5/15)             Temple (1/1) D:4

Altars:
Ashenzari
Cheibriados
Dithmenos
Elyvilon
Fedhas
Gozag
Hepliaklqana
Kikubaaqudgha
Makhleb
Nemelex Xobeh
Qazlal
Sif Muna
Trog
Uskayaw
Vehumet
Xom
Yredelemnul
Zin


Innate Abilities, Weirdness & Mutations

You cannot be hasted, slowed, berserked, paralysed or teleported.
You can dig through walls and to a lower floor.
Your four strong arms can wield two-handed weapons with a shield.
You have a pair of large antennae on your head. (SInv)


Message History

You can no longer stomp with the beat.
You can now stomp with the beat.
You slash the two-headed ogre!
The two-headed ogre is heavily wounded.
The two-headed ogre hits you with a giant club!
You block the two-headed ogre's attack.
You barely miss the two-headed ogre.
The two-headed ogre is heavily wounded.
The two-headed ogre hits you with a giant club!!
* * * LOW HITPOINT WARNING * * *
You block the two-headed ogre's attack.
You feel better.
The two-headed ogre hits you with a giant club.
* * * LOW HITPOINT WARNING * * *
The two-headed ogre hits you with a giant club!
* * * LOW HITPOINT WARNING * * *
It was a potion of brilliance.
You feel clever all of a sudden.
The two-headed ogre hits you but does no damage.
The two-headed ogre hits you with a giant club.
You die...

#########
#.......#
#.......#
#.......#
#.......#
#.......#
#.......#
####.$.....#
#@......####
#O#####<#
................
###.#####..######
#.# #..# #.. .#.#
### # #. #


You could see a two-headed ogre.

Vanquished Creatures
  Eustachio (D:4)
  Sigmund (D:4)
  The ghost of ThereIsNoGod the Covered, an amateur GrFi of Xom (D:4)
  Duvessa (D:4)
  A sky beast (D:5)
  A phantom (D:4)
  2 ogres (D:4)
  Dowan (D:4)
  A howler monkey (D:4)
  A hound (D:4)
  An orc priest (D:4)
  A centaur skeleton (D:4)
  2 worker ants (D:4)
  Robin (D:3)
  6 adders
  An ooze (D:3)
  A worm (D:4)
  A dart slug (D:1)
  4 leopard geckos
  6 orcs (D:4)
  2 giant cockroaches
  7 hobgoblins
  A jackal (D:4)
  3 bats
  2 frilled lizards
  14 goblins
  2 kobolds
  2 rats (D:1)
68 creatures vanquished.

Vanquished Creatures (others)
  5 toadstools (D:1)
5 creatures vanquished.

Grand Total: 73 creatures vanquished

Notes
Turn   | Place    | Note
-------+----------+-------------------------------------------
     0 | D:1      | hilaritas the Formicid Fighter began the quest for the Orb.
     0 | D:1      | Reached XP level 1. HP: 18/18 MP: 1/1
   589 | D:1      | Reached XP level 2. HP: 24/24 MP: 2/2
   989 | D:2      | Reached XP level 3. HP: 29/29 MP: 3/3
  1551 | D:3      | Reached skill level 3 in Axes
  1717 | D:3      | Noticed Robin
  1725 | D:3      | Reached XP level 4. HP: 21/35 MP: 4/4
  1730 | D:3      | Killed Robin
  2181 | D:3      | Reached skill level 4 in Axes
  2603 | D:4      | Reached XP level 5. HP: 18/41 MP: 5/5
  2854 | D:4      | Noticed Eustachio
  2874 | D:4      | Killed Eustachio
  2874 | D:4      | Reached skill level 5 in Axes
  2874 | D:4      | Reached XP level 6. HP: 31/47 MP: 6/6
  3088 | D:4      | Noticed Sigmund
  3096 | D:4      | Killed Sigmund
  3096 | D:4      | Reached skill level 6 in Axes
  3096 | D:4      | Reached skill level 5 in Shields
  3096 | D:4      | Reached XP level 7. HP: 52/52 MP: 7/7
  3108 | D:4      | Found a staircase to the Ecumenical Temple.
  3113 | D:4      | Noticed ThereIsNoGod's ghost (amateur GrFi)
  3128 | D:4      | Killed ThereIsNoGod's ghost
  3128 | D:4      | Reached skill level 7 in Axes
  3133 | Temple   | Entered the Ecumenical Temple
  3441 | D:4      | Noticed Dowan
  3443 | D:4      | Noticed Duvessa
  3457 | D:4      | Killed Duvessa
  3457 | D:4      | Reached skill level 8 in Axes
  3457 | D:4      | Reached XP level 8. HP: 19/58 MP: 8/8
  3457 | D:4      | Killed Dowan
  4199 | D:4      | Reached skill level 9 in Axes
  4349 | D:4      | Found a deep blue altar of Sif Muna.
  4688 | Temple   | Became a worshipper of Uskayaw the Reveler
  4728 | D:5      | Entered Level 5 of the Dungeon
  4733 | D:5      | Reached * piety under Uskayaw
  4736 | D:5      | Reached ** piety under Uskayaw
  4737 | D:5      | Noticed a two-headed ogre
  4747 | D:5      | HP: 1/58 [two-headed ogre/giant club (12)]
  4748 | D:5      | Slain by a two-headed ogre

Skill      XL: |  1  2  3  4  5  6  7  8 |
---------------+-------------------------+-----
Shields        | 4 5 6 |  6.0
Axes           | 3 4 5 6 8 9 |  9.3
Fighting       | |  3.2
Armour         | |  3.2

Action                   |  1- 3 |  4- 6 |  7- 9 || total
-------------------------+-------+-------+-------++-------
Melee: War axe           |   113 |    79 |   133 ||   325
Invok: Stomp             |       |       |     1 ||     1
       Line Pass         |       |       |     1 ||     1
  Use: Potion            |     1 |     1 |     3 ||     5
       Scroll            |       |    10 |     1 ||    11
  Eat: Chunk             |     2 |     5 |     5 ||    12
Armor: Scale mail        |    50 |    40 |     4 ||    94
       Chain mail        |       |       |    28 ||    28
Dodge: Dodged            |    44 |    34 |    22 ||   100
Block: Shield            |    74 |    47 |    59 ||   180
